 Dungeon Crawl Stone Soup version bcrawl-1.12-11-gb93c957c58 (webtiles) character file.

Game seed: 17051399058359294703

67 MisterOstroum the Skirmisher (level 3, -2/30 HPs)
             Began as a Demonspawn Chaos Knight on June 26, 2019.
             Was a Plaything of Xom.
             Slain by a worm (9 damage)
             ... on level 2 of the Dungeon.
             The game lasted 00:02:52 (1530 turns).

MisterOstroum the Skirmisher (DsCK)                 Turns: 1530, Time: 00:02:53

Health: -2/30      AC: 11    Str: 13    XL:     3   Next: 98%
Magic:  3/3        EV:  3    Int: 13    God:    Xom [.....*]
Gold:   66         SH:  6    Dex: 12    Spells: 2/2 levels left

rFire    . . .     SeeInvis .   a - +0 spear (chaos)
rCold    + . .     Gourm    .   g - +0 shield
rNeg     . . .     Faith    .   j - +0 chain mail
rPois    .         Spirit   .   (no helmet)
rElec    .         Reflect  .   (no cloak)
rCorr    .         Harm     .   i - +0 pair of gloves
MR       .....                  (no boots)
Stlth    ..........             (no amulet)
HPRegen  0.10/turn              h - ring of protection from cold
MPRegen  0.08/turn              (no ring)

@: no status effects
A: claws 1, iridescent scales 1
a: Renounce Religion


You were on level 2 of the Dungeon.
You worshipped Xom.
You were Xom's teddy bear.
You were very hungry.

You visited 1 branch of the dungeon, and saw 2 of its levels.

You collected 66 gold pieces.

Inventory:

Hand Weapons
 a - a +0 spear of chaos (weapon)
Missiles
 m - 83 stones (quivered)
Armour
 b - a +2 leather armour
 g - a +0 shield (worn)
 i - a +0 pair of gloves (worn)
 j - a +0 chain mail (worn)
Jewellery
 h - a ring of protection from cold (left hand)
Scrolls
 c - 2 scrolls of enchant armour {unknown}
 d - a scroll of blinking {unknown}
 k - 2 scrolls of identify {unknown}
 l - 3 scrolls of remove curse {unknown}
 n - a scroll of teleportation {unknown}
Potions
 f - a potion of lignification {unknown}
 o - a potion of flight {unknown}
Comestibles
 e - 2 rations {!d}


   Skills:
 * Level 4.0 Fighting
 * Level 3.6 Polearms
 - Level 1.7 Armour
 - Level 0.8 Dodging
 + Level 0.0 Shields


You had 2 spell levels left.
You didn't know any spells.
Your spell library was empty.

Dungeon Overview and Level Annotations

Branches:
Dungeon (2/12)

Altars:
Elyvilon


Innate Abilities, Weirdness & Mutations

You have sharp fingernails.
You are partially covered in iridescent scales. (AC +2)


Message History

Aim: a quokka You throw a stone.
The stone hits the quokka.
The quokka is heavily wounded.
Attack whom?
Press: ? - help, Dir - move target cursor, f/p - quokka
Aim: a quokka (moderately wounded)
You reach to attack!
Your shield and chain mail prevent you from hitting the quokka.
The quokka is moderately wounded.
The quokka bites you but does no damage.
Your shield prevents you from hitting the quokka.
The quokka is moderately wounded.
The quokka barely misses you.
You closely miss the quokka.
The quokka is moderately wounded.
The quokka bites you but does no damage.
You miss the quokka.
The quokka is moderately wounded.
The quokka bites you.
You hit the quokka. You freeze the quokka.
You kill the quokka!
No target in view!
No target in view!
Found a stone staircase leading up.
You open the door.
There is an open door here.
A frilled lizard comes into view.
The frilled lizard hisses angrily.
A frilled lizard is nearby!
Throwing (i - inventory)
m - 86 stones (quivered)
Press: ? - help, Shift-Dir - straight line, f - frilled lizard
Aim: a frilled lizard You throw a stone.
The stone misses the frilled lizard.
Throwing (i - inventory)
m - 85 stones (quivered)
Press: ? - help, Shift-Dir - straight line, f/p - frilled lizard
Aim: a frilled lizard You throw a stone.
The stone closely misses the frilled lizard.
Throwing (i - inventory)
m - 84 stones (quivered)
Press: ? - help, Shift-Dir - straight line, f/p - frilled lizard
Aim: a frilled lizard You throw a stone.
The stone hits the frilled lizard.
You kill the frilled lizard!
Setting a skill training target for Shields at 15.0.
Found a stone staircase leading down.
A worm comes into view.
A worm is nearby!
A worm is nearby!
Your chain mail prevents you from hitting the worm.
You hit the worm. You burn the worm.
The worm is lightly wounded.
You block the worm's attack.
You hit the worm.
The worm is moderately wounded.
You are feeling very hungry.
You block the worm's attack.
You hit the worm.
The worm is heavily wounded.
You hit the worm but do no damage.
The worm goes berserk!
The worm is heavily wounded.
The worm bites you.
Your shield and chain mail prevent you from hitting the worm.
The worm is moderately wounded.
The worm bites you.
You hit the worm.
The worm is heavily wounded.
You block the worm's attack.
You hit the worm. You freeze the worm.
The worm is severely wounded.
The worm bites you.
You are too injured to fight recklessly!
You are too injured to fight recklessly!
You are too injured to fight recklessly!
You are too injured to fight recklessly!
You are too injured to fight recklessly!
You are too injured to fight recklessly!
You are too injured to fight recklessly!
You are too injured to fight recklessly!
You are too injured to fight recklessly!
You are too injured to fight recklessly!
You are too injured to fight recklessly!
You are too injured to fight recklessly!
You hit the worm but do no damage. You drain the worm.
The worm is severely wounded.
You block the worm's attack.
You hit the worm. You burn the worm.
The worm is severely wounded.
The worm bites you.
You hit the worm but do no damage.
The worm seems to speed up.
The worm is severely wounded.
The worm bites you!
* * * LOW HITPOINT WARNING * * *
You hit the worm. You freeze the worm.
The worm is almost dead.
You block the worm's attack.
You hit the worm. You freeze the worm.
The worm is almost dead.
The worm bites you!
You die... "I guess I need a new plaything now."

#........ .# #........
.### #........ ...
#........ ..# # #........
..#.## #........ ....> .
###........ #######..#...#
.##........ #...@w........
......####+##.####........
...#### #.##.####...#...#
...# #.##........# ..#
...### #.##.####...# #
.....# ##.##.#.###..#
.....# #............#
.....####..#####+####.
.######.#...#


You could see a worm (berserk).

Vanquished Creatures
  A worker ant (D:2)
  A river rat (shapeshifter) (D:1)
  A worm (D:2)
  2 dart slugs (D:1)
  3 leopard geckos
  An orc (D:2)
  A giant cockroach (D:1)
  5 goblins
  A hobgoblin (D:1)
  2 jackals (D:1)
  2 kobolds (D:1)
  3 quokkas
  2 frilled lizards (D:2)
  A rat (D:1)
26 creatures vanquished.

Notes
Turn   | Place    | Note
-------+----------+-------------------------------------------
     0 | D:1      | MisterOstroum the Demonspawn Chaos Knight began the quest
                  | for the Orb.
     0 | D:1      | Reached XP level 1. HP: 18/18 MP: 1/1
   106 | D:1      | XOM: butterfly on damage
   108 | D:1      | Gained mutation: You have sharp fingernails. [demonic
                  | ancestry]
   108 | D:1      | Reached XP level 2. HP: 14/24 MP: 2/2
   153 | D:1      | XOM: divination: detect items
   382 | D:1      | XOM: divination: detect items
   635 | D:1      | Gained mutation: You are partially covered in iridescent
                  | scales. (AC +2) [demonic ancestry]
   635 | D:1      | Reached XP level 3. HP: 29/29 MP: 3/3
  1066 | D:2      | XOM: harmless Pois miscast
  1087 | D:2      | XOM: confusion
  1098 | D:2      | XOM: summons friendly crimson imp
  1105 | D:2      | Reached skill level 4 in Fighting
  1316 | D:2      | Found a white marble altar of Elyvilon.
  1530 | D:2      | Slain by a worm

Skill      XL: |  1  2  3 |
---------------+----------+-----
Polearms       | 3 |  3.6
Fighting       | 4 |  4.0
Armour         | |  1.7
Dodging        | |  0.8

Action                   || total
-------------------------++-------
Melee: Spear             ||   129
Throw: Stone             ||    11
  Use: Potion            ||     1
  Eat: Chunk             ||     1
Armor: Leather armour    ||     5
       Chain mail        ||    62
Dodge: Dodged            ||    17
Block: Shield            ||    27
